 Dungeon Crawl Stone Soup version 0.24-a0-292-g5c6fb1cd70 (webtiles) character file.

Game seed: 12196764178863757188

171962 HAL9000 the Black Belt (level 17, -6/136 HPs)
             Began as a Black Draconian Transmuter on May 8, 2019.
             Was a High Priest of Cheibriados.
             Mangled by a red ugly thing (13 damage)
             ... on level 1 of the Vaults on May 11, 2019.
             The game lasted 02:05:54 (39210 turns).

HAL9000 the Black Belt (DrTm)                      Turns: 39210, Time: 02:05:55

Health: -6/136     AC: 12    Str: 31    XL:     17   Next: 15%
Magic:  27/28      EV: 23    Int: 31    God:    Cheibriados [*****.]
Gold:   852        SH:  3    Dex: 35    Spells: 6/30 levels left

rFire    . . .     SeeInvis .     - Unarmed
rCold    . . .     Gourm    .   (shield currently unavailable)
rNeg     . . .     Faith    .   (armour unavailable)
rPois    .         Spirit   .   e - +1 hat
rElec    +         Reflect  +   w - +0 cloak
rCorr    .         Harm     .   (gloves currently unavailable)
MR       +....     NoTele   +   C - +0 pair of boots
Stlth    ++........             G - +3 amulet of reflection
HPRegen  0.32/turn              v - ring of Reapev {-Tele rElec Str+4 Dex+6}
MPRegen  0.21/turn              H - +4 ring of evasion

@: liquid flames, blade hands, flying, glowing, studying Fire Magic, very slow
A: breathe lightning, unfitting armour, big wings, electricity resistance,
cold-blooded, AC +9
}: 1/15 runes: gossamer
a: Breathe Lightning, Stop Flying, End Transformation, Bend Time, Temporal
Distortion, Slouch, Step From Time, Renounce Religion


You were on level 1 of the Vaults.
You worshipped Cheibriados.
Cheibriados was extremely pleased with you.
You were very hungry.
You had blades for hands.
You visited 6 branches of the dungeon, and saw 29 of its levels.

You collected 2836 gold pieces.
You spent 1984 gold pieces at shops.

Inventory:

Missiles
 a - 211 arrows
 j - 11 javelins (quivered)
 M - 3 throwing nets
Armour
 e - a +1 hat (worn)
 m - a +0 pair of gloves (melded)
 s - a +1 shield of reflection (melded)
 w - a +0 cloak (worn)
 C - a +0 pair of boots (worn)
 O - the +8 shield of Niuf {Int+5}
   (You found it on level 14 of the Dungeon)

   It affects your intelligence (+5).
Jewellery
 b - an uncursed ring of poison resistance
 v - the ring of Reapev (left scythe-like blade) {-Tele rElec Str+4 Dex+6}
   (You found it on level 4 of the Dungeon)

   [ring of dexterity]

   It affects your strength (+4).
   It affects your dexterity (+6).
   It insulates you from electricity.
   It prevents most forms of teleportation.
 G - a +3 amulet of reflection (around neck)
 H - a +4 ring of evasion (right scythe-like blade)
Wands
 r - a wand of digging (6)
 x - a wand of acid (47)
 B - a wand of disintegration (15)
 E - a wand of iceblast (6)
Scrolls
 d - 5 scrolls of fog
 g - 2 scrolls of enchant weapon {unknown}
 i - 11 scrolls of remove curse
 k - 4 scrolls of teleportation
 p - a scroll of fear
 q - a scroll of blinking {unknown}
 u - 3 scrolls of amnesia {unknown}
 L - 11 scrolls of magic mapping
 P - a scroll of acquirement {unknown}
 R - a scroll of noise {unknown}
 T - a scroll of summoning
 V - a scroll of silence {unknown}
Potions
 f - a potion of agility
 h - 3 potions of resistance
 n - 6 potions of brilliance
 o - 9 potions of heal wounds
 t - 4 potions of magic
 z - 7 potions of ambrosia
 A - 2 potions of invisibility
 D - 4 potions of might
 F - 2 potions of mutation
 J - 4 potions of curing
 Y - 2 potions of cancellation
Books
 l - a manual of Fire Magic
Miscellaneous
 K - a phantom mirror
 S - a sack of spiders
Comestibles
 c - 30 rations


   Skills:
 - Level 8.6 Fighting
 - Level 6.1 Dodging
 - Level 5.5 Stealth
 + Level 10.3 Shields
 - Level 15.3 Unarmed Combat
 - Level 7.4 Spellcasting
 - Level 8.1 Conjurations
 - Level 4.0 Hexes
 - Level 7.3 Charms
 - Level 11.4 Transmutations
 - Level 12.1 Fire Magic
 - Level 2.0 Earth Magic
 - Level 12.6 Invocations


You had 6 spell levels left.
You knew the following spells:

 Your Spells              Type           Power        Failure   Level  Hunger
a - Beastly Appendage     Tmut           ######       5%          1    None
b - Sticks to Snakes      Tmut           ######..     6%          2    None
c - Spider Form           Tmut/Pois      #####.....   17%         3    None
d - Blade Hands           Tmut           ######....   16%         5    ####...
e - Yara's Violent Unrav  Hex/Tmut       ######....   32%         5    ####...
f - Regeneration          Chrm/Necr      ####......   24%         3    None
g - Bolt of Magma         Conj/Fire/Erth ######....   34%         5    ####...

Your spell library contained the following spells:

 Spells                   Type           Power        Failure   Level  Hunger
 Passwall                 Tmut/Erth      ######..     11%         2    None
 Inner Flame              Hex/Fire       ######..     12%         3    None
 Confusing Touch          Hex            #####.       14%         1    None
 Corona                   Hex            #####..      14%         1    None
 Sting                    Conj/Pois      ####         14%         1    None
 Dazzling Spray           Conj/Hex       #####.       16%         3    None
 Slow                     Hex            #####...     17%         2    None
 Ensorcelled Hibernation  Hex/Ice        ###...       24%         2    None
 Confuse                  Hex            #####...     24%         3    None
 Tukima's Dance           Hex            #####...     24%         3    None
 Animate Skeleton         Necr           N/A          30%         1    None
 Pain                     Necr           ##..         30%         1    None
 Mephitic Cloud           Conj/Pois/Air  ####....     30%         3    None
 Ice Form                 Ice/Tmut       #####...     30%         4    ##.....
 Portal Projectile        Hex/Tloc       ###...       34%         3    None
 Poisonous Vapours        Pois/Air       ##....       36%         2    None
 Cause Fear               Hex            #####.....   43%         4    ##.....
 Force Lance              Conj/Tloc      #####...     43%         4    ##.....
 Leda's Liquefaction      Hex/Erth       ####......   50%         4    ##.....
 Gell's Gravitas          Tloc           ##........   52%         3    None
 Vampiric Draining        Necr           ##........   52%         3    None
 Venom Bolt               Conj/Pois      #####.....   65%         5    ####...
 Animate Dead             Necr           N/A          80%         4    ##.....
 Olgreb's Toxic Radiance  Pois           ##......     80%         4    ##.....
 Metabolic Englaciation   Hex/Ice        ###.......   85%         5    ####...
 Bolt of Cold             Conj/Ice       #####.....   97%         6    ######.
 Freezing Cloud           Conj/Ice/Air   ####......   99%         6    ######.
 Dispersal                Tloc           ##........   100%        6    ######.
 Ozocubu's Refrigeration  Ice            ##........   100%        6    ######.
 Simulacrum               Ice/Necr       ##........   100%        6    ######.
 Controlled Blink         Tloc           N/A          100%        8    #######
 Disjunction              Tloc           ##........   100%        8    #######


Dungeon Overview and Level Annotations

Branches:
Dungeon (15/15)            Temple (1/1) D:4            Lair (6/6) D:11
  Swamp (0/4) Lair:2       Spider (4/4) Lair:3        Slime (0/5) Lair:5
    Orc (2/2) D:10            Elf (0/3) Orc:2        Vaults (1/5) D:14
 Depths (0/5) D:15

Altars:
Ashenzari
Cheibriados
Dithmenos
Elyvilon
Fedhas
Gozag
Hepliaklqana
Kikubaaqudgha
Makhleb
Nemelex Xobeh
Okawaru
Qazlal
Ru
Sif Muna
Trog
Uskayaw
Vehumet
Wu Jian
Xom
Yredelemnul
Zin
The Shining One
Beogh

Shops:
D:4 :   D:13 ?   D:14 [   Orc:2 :[((   Vaults:1 *

Portals:
Trove: D:11 (give 6 scrolls of blinking)

Annotations:
D:8 1 runed translucent door
D:12 2 runed translucent doors, P0WERM0DE's ghost, journeyman DDFi
Lair:4 2 transporters, Meate's ghost, journeyman MiBe
Lair:6 exclusion: 4 oklob plants


Innate Abilities, Weirdness & Mutations

You can breathe wild blasts of lightning.
Your glossy black scales are hard. (AC +9)
You cannot fit into any form of body armour.
Your large and strong wings let you fly indefinitely.
You are resistant to electric shocks. (rElec)
You are cold-blooded and may be slowed by cold attacks.


Message History

You are covered in liquid flames!
* * * LOW HITPOINT WARNING * * *
You block the red very ugly thing's attack.
Unknown command.
You slash the red very ugly thing!
The red very ugly thing is severely wounded.
You are covered in liquid flames!
* * * LOW HITPOINT WARNING * * *
The red ugly thing closely misses you.
The red very ugly thing gores you but does no damage.
You shred the red very ugly thing!!!
You kill the red very ugly thing!
Cheibriados thoroughly appreciates the change of pace.
Cheibriados raises the support of your attributes as your movement slows.
You are covered in liquid flames!
* * * LOW HITPOINT WARNING * * *
The red ugly thing pecks you!
* * * LOW HITPOINT WARNING * * *
You are engulfed in flames!
You die...

#......#......#
##.(##
#......#...%..#
#..#
#......'......#
#..#
#......#...uu.#
#..#
#......#.....u#
#..#
#......#...u..#
#..#
#[.....###+#+##
##..##
#....u†#......#
#....#
#...[.@#......#
#....#
#......'......#
#....#
########......#
#''''#
#....∩.###....##
#......##......#
#......##......#
#'''#######'####
#....#.#..#.#...
#....#.#..#.#...


You could see a red ugly thing.

Vanquished Creatures
  Frances (D:12)
  An orc warlord (Orc:2)
  3 emperor scorpions
  3 ghost moths (Spider:4)
  4 very ugly things (Vaults:1)
  A war gargoyle (D:13)
  An entropy weaver (Spider:1)
  A minotaur (Lair:2)
  2 spark wasps
  Josephine (Lair:4)
  A vault guard (D:14)
  The ghost of Zero the Cleaver, a journeyman GrBe of Trog (Lair:2)
  Harold (Lair:1)
  A catoblepas (Lair:4)
  6 hydras
  Erica (Orc:1)
  A merfolk avatar (Lair:6)
  A centaur warrior (D:14)
  A tengu warrior (D:14)
  12 two-headed ogres
  4 death yaks (Lair:3)
  2 orc high priests (Orc:2)
  An ogre mage (D:15)
  A deep elf knight (Vaults:1)
  A sea snake (shapeshifter) (D:15)
  A sea snake (Lair:6)
  A harpy (Lair:6)
  4 orc knights
  An ironbrand convoker (Vaults:1)
  34 wolf spiders
  2 necromancers (D:14)
  6 deep elf magi
  4 manticores
  16 orb spiders
  3 orc sorcerers (Orc:2)
  4 cyclopes
  A salamander (shapeshifter) (D:14)
  20 ugly things
  3 centaur zombies (D:15)
  2 moths of wrath (Spider:3)
  3 black mambas
  Joseph (D:10)
  12 elephants (Lair:6)
  12 gargoyles
  5 rime drakes
  15 spiny frogs
  A torpor snail (Spider:4)
  10 komodo dragons
  3 kobold demonologists (D:15)
  A freezing wraith (Vaults:1)
  A yaktaur (shapeshifter) (D:15)
  5 yaktaurs (Vaults:1)
  8 demonic crawlers
  A merfolk (D:9)
  2 wind drakes (Lair:6)
  4 trolls
  3 polar bears (Lair:6)
  A troll (shapeshifter) (D:15)
  5 hornets
  39 jumping spiders
  Grinder (D:3)
  A wind drake (shapeshifter) (D:15)
  5 blink frogs (Lair:2)
  10 slime creatures
  11 hippogriffs
  55 redbacks
  19 tarantellas
  A tarantella (shapeshifter) (Vaults:1)
  5 wraiths
  7 wyverns
  2 basilisks
  25 yaks
  A hog (shapeshifter) (Vaults:1)
  21 humans (D:14)
  2 hungry ghosts
  2 vampire mosquitoes (D:10)
  2 wargs
  2 acid dragons (D:15)
  A soldier ant (D:11)
  Duvessa (D:6)
  6 porcupines
  20 water moccasins
  32 orc warriors
  4 black bears
  5 ice beasts
  2 eyes of draining
  A necrophage (D:13)
  4 sky beasts
  9 wolves
  3 boggarts (D:15)
  6 centaurs
  16 ogres
  3 phantoms
  11 crocodiles
  5 big kobolds
  A bullfrog (shapeshifter) (D:15)
  22 bullfrogs
  Dowan (D:6)
  A gnoll sergeant (D:11)
  5 scorpions
  A water moccasin skeleton (D:8)
  10 killer bees
  4 howler monkeys
  13 wights
  2 electric eels (Spider:3)
  5 crimson imps
  2 bullfrog zombies
  A quasit (D:14)
  7 jellies
  14 orc priests
  4 bullfrog skeletons
  6 hounds
  15 orc wizards
  5 centaur skeletons
  5 iguanas
  19 hell rats
  20 worker ants
  A hound zombie (D:7)
  2 hound skeletons
  2 worker ant zombies
  8 adders
  7 gnolls
  13 river rats (Lair:3)
  2 shadow imps
  6 oozes
  An adder zombie (D:4)
  2 adder skeletons
  A worm (D:5)
  5 leopard geckos
  61 orcs
  2 ball pythons
  6 bats
  10 giant cockroaches
  3 goblins (D:1)
  4 hobgoblins
  16 jackals
  7 quokkas
  6 frilled lizards
  20 kobolds
  A quokka zombie (D:8)
  18 rats
  A fungus (Lair:6)
956 creatures vanquished.

Vanquished Creatures (collateral kills)
  A hydra (Lair:1)
  A tengu warrior (D:14)
  A human (D:14)
  A warg (Orc:1)
  2 water moccasins
  An ice beast (D:12)
  A bullfrog (D:8)
  An adder (D:2)
  2 orcs (D:5)
  3 jackals (D:8)
  A quokka (D:4)
  A kobold (D:9)
  A fungus (Lair:1)
17 creatures vanquished.

Vanquished Creatures (others)
  A deep elf mage (Vaults:1)
  A redback (Spider:1)
  10 fungi
  10 plants
22 creatures vanquished.

Grand Total: 995 creatures vanquished

Notes
Turn   | Place    | Note
-------+----------+-------------------------------------------
     0 | D:1      | HAL9000 the Draconian Transmuter began the quest for the
                  | Orb.
     0 | D:1      | Reached XP level 1. HP: 16/16 MP: 3/3
   217 | D:1      | Reached XP level 2. HP: 22/23 MP: 3/5
   640 | D:1      | Reached skill level 4 in Unarmed Combat
   644 | D:1      | Reached XP level 3. HP: 24/28 MP: 4/6
   669 | D:1      | Learned a level 2 spell: Sticks to Snakes
  1539 | D:2      | Reached XP level 4. HP: 34/35 MP: 7/7
  2006 | D:3      | Noticed Grinder
  2007 | D:3      | Paralysed by Grinder for 2 turns
  2019 | D:3      | Killed Grinder
  2019 | D:3      | Reached skill level 5 in Unarmed Combat
  2019 | D:3      | Reached XP level 5. HP: 37/40 MP: 8/8
  2633 | D:3      | Reached XP level 6. HP: 47/47 MP: 9/9
  2638 | D:3      | Learned a level 3 spell: Spider Form
  2659 | D:4      | Reached skill level 6 in Unarmed Combat
  2736 | D:4      | Found Tulagozal's Book Shoppe.
  2918 | D:4      | Found a sacrificial altar of Ru.
  2967 | D:4      | Got a faintly glowing marble ring
  2992 | D:4      | Identified the ring of Reapev {-Tele rElec Str+4 Dex+6}
                  | (You found it on level 4 of the Dungeon)
  3325 | D:4      | Found a staircase to the Ecumenical Temple.
  3397 | Temple   | Entered the Ecumenical Temple
  3505 | Temple   | Became a worshipper of Cheibriados the Contemplative
  3581 | D:4      | Your scales start taking on a glossy black colour.
  3581 | D:4      | Reached XP level 7. HP: 52/52 MP: 6/10
  3581 | D:4      | Gained mutation: You are resistant to electric shocks.
                  | (rElec) [Black Draconian growth]
  3710 | D:5      | Entered Level 5 of the Dungeon
  4149 | D:5      | Reached skill level 7 in Unarmed Combat
  4268 | D:5      | Reached skill level 5 in Transmutations
  4698 | D:5      | Got a bone dagger
  4846 | D:5      | Reached * piety under Cheibriados
  4989 | D:5      | Reached skill level 8 in Unarmed Combat
  5227 | D:6      | Noticed Duvessa
  5227 | D:6      | Noticed Dowan
  5238 | D:6      | Killed Duvessa
  5238 | D:6      | Reached XP level 8. HP: 43/59 MP: 7/11
  5239 | D:6      | Killed Dowan
  5411 | D:6      | Learned a level 5 spell: Blade Hands
  5587 | D:6      | Found a shattered altar of Ashenzari.
  5664 | D:6      | Reached skill level 9 in Unarmed Combat
  6202 | D:7      | Identified the +7 dagger of Daes {protect, rElec} (You
                  | found it on level 5 of the Dungeon)
  6345 | D:7      | Reached ** piety under Cheibriados
  6712 | D:7      | Found a blossoming altar of Fedhas.
  6948 | D:7      | Found a glowing silver altar of Zin.
  7312 | D:7      | Reached XP level 9. HP: 64/64 MP: 6/12
  7532 | D:8      | Found a runed translucent door.
  7539 | D:8      | Found a runed translucent door.
  7545 | D:8      | Reached *** piety under Cheibriados
  7689 | D:8      | Noticed a two-headed ogre
  7703 | D:8      | Reached skill level 10 in Transmutations
  7750 | D:8      | Killed a two-headed ogre
  8089 | D:8      | Reached **** piety under Cheibriados
  8350 | D:9      | Reached XP level 10. HP: 29/71 MP: 11/13
  9634 | D:9      | Reached skill level 1 in Invocations
  9693 | D:10     | Entered Level 10 of the Dungeon
  9735 | D:10     | Found a staircase to the Orcish Mines.
  9742 | D:10     | Reached ***** piety under Cheibriados
 10141 | D:10     | Noticed Joseph
 10150 | D:10     | Killed Joseph
 10150 | D:10     | Reached skill level 5 in Dodging
 10150 | D:10     | Reached skill level 5 in Invocations
 10307 | D:10     | Noticed a two-headed ogre
 10316 | D:10     | Killed a two-headed ogre
 10318 | D:10     | Reached XP level 11. HP: 71/85 MP: 4/15
 10706 | D:11     | Found a portal to a secret trove of treasure.
 10737 | D:11     | Found a staircase to the Lair.
 10808 | D:11     | Reached skill level 5 in Fighting
 11384 | Lair:1   | Entered Level 1 of the Lair of Beasts
 11389 | Lair:1   | Reached skill level 1 in Shields
 11471 | Lair:1   | Noticed Harold
 11480 | Lair:1   | Killed Harold
 11480 | Lair:1   | Reached skill level 5 in Shields
 11631 | Lair:1   | Got a faintly glowing brass ring
 11633 | Lair:1   | Identified the ring of Liberalism {rN+ Stlth-} (You found
                  | it on level 1 of the Lair of Beasts)
 11896 | Lair:1   | Reached ****** piety under Cheibriados
 12202 | Lair:1   | Noticed a seven-headed hydra
 12213 | Lair:1   | Killed a seven-headed hydra
 12553 | Lair:2   | Reached skill level 10 in Unarmed Combat
 12833 | Lair:2   | Found a staircase to the Swamp.
 12865 | Lair:2   | Noticed a minotaur
 12865 | Lair:2   | Noticed Zero's ghost (journeyman GrBe)
 12867 | Lair:2   | Noticed a four-headed hydra
 12884 | Lair:2   | Found a runed translucent gate.
 12884 | Lair:2   | Found a runed translucent gate.
 12884 | Lair:2   | Found a runed translucent gate.
 13072 | Lair:2   | Reached XP level 12. HP: 100/100 MP: 8/17
 13088 | Lair:2   | Reached skill level 11 in Unarmed Combat
 13648 | Lair:3   | Noticed a death yak
 13652 | Lair:3   | Noticed a death yak
 13652 | Lair:3   | Noticed a death yak
 13653 | Lair:3   | Noticed a death yak
 14056 | Lair:3   | Reached skill level 12 in Unarmed Combat
 14568 | Lair:3   | Found a hole to the Spider Nest.
 14732 | Lair:3   | Killed a death yak
 14738 | Lair:3   | Killed a death yak
 14742 | Lair:3   | Killed a death yak
 14745 | Lair:3   | Killed a death yak
 14745 | Lair:3   | Reached skill level 13 in Unarmed Combat
 15256 | Lair:4   | Noticed an alligator
 15257 | Lair:4   | Found a transporter.
 15257 | Lair:4   | Noticed Meate's ghost (journeyman MiBe)
 15262 | Lair:4   | Found a transporter.
 15405 | Lair:4   | Noticed Josephine
 15414 | Lair:4   | Killed Josephine
 15419 | Lair:4   | Noticed a catoblepas
 15429 | Lair:4   | Killed a catoblepas
 16144 | Lair:4   | Reached XP level 13. HP: 107/107 MP: 12/18
 16289 | Lair:5   | Reached skill level 14 in Unarmed Combat
 16300 | Lair:5   | Found a staircase to the Slime Pits.
 16991 | Lair:5   | Reached skill level 1 in Stealth
 17691 | Lair:6   | Entered Level 6 of the Lair of Beasts
 17849 | Lair:5   | Reached skill level 5 in Stealth
 18676 | Lair:6   | Reached skill level 15 in Unarmed Combat
 19234 | Lair:6   | Identified Sif Muna's Almanac of Ensnaring Clay
 19278 | Lair:6   | Learned a level 5 spell: Yara's Violent Unravelling
 19440 | Lair:6   | Reached skill level 1 in Hexes
 20141 | Orc:1    | Entered Level 1 of the Orcish Mines
 20564 | Orc:1    | Noticed Erica
 20572 | Orc:1    | Killed Erica
 20730 | Orc:1    | Gained mutation: Your large and strong wings let you fly
                  | indefinitely. [Black Draconian growth]
 20730 | Orc:1    | Reached XP level 14. HP: 116/116 MP: 15/20
 21032 | Orc:1    | Learned a level 3 spell: Regeneration
 21143 | Orc:2    | Entered Level 2 of the Orcish Mines
 21230 | Orc:2    | Found a roughly hewn altar of Beogh.
 21296 | Orc:2    | Found a staircase to the Elven Halls.
 21363 | Orc:2    | Found a roughly hewn altar of Beogh.
 21385 | Orc:2    | Found Uxomech's Book Boutique.
 21388 | Orc:2    | Reached skill level 5 in Spellcasting
 21536 | Orc:2    | Found a roughly hewn altar of Beogh.
 21603 | Orc:2    | Found a roughly hewn altar of Beogh.
 21610 | Orc:2    | Found Wowi's Antique Weapon Boutique.
 21900 | Orc:2    | Found a roughly hewn altar of Beogh.
 22257 | Orc:2    | Noticed an orc warlord
 22273 | Orc:2    | Killed an orc warlord
 22597 | Orc:2    | Found Ceugoch's Antique Weapon Shop.
 22597 | Orc:2    | Found a roughly hewn altar of Beogh.
 22604 | Orc:2    | Found Jeisiac's Antique Armour Boutique.
 22631 | Orc:2    | Bought a glowing hat for 189 gold pieces
 22665 | Orc:2    | Bought a book of the Warp for 1260 gold pieces
 23486 | Lair:2   | Killed Zero's ghost
 23859 | D:11     | Reached skill level 1 in Charms
 23978 | D:12     | Noticed Frances
 23989 | D:12     | Killed Frances
 24033 | D:12     | Noticed P0WERM0DE's ghost (journeyman DDFi)
 24034 | D:12     | Noticed a lich
 24309 | D:12     | Found a runed translucent door.
 24321 | D:12     | Found a runed translucent door.
 24918 | D:13     | Reached skill level 10 in Invocations
 24938 | D:13     | Noticed a war gargoyle
 25233 | D:13     | Killed a war gargoyle
 25770 | D:13     | You are sucked into a shaft for 2 floors!
 25770 | D:15     | Entered Level 15 of the Dungeon
 26293 | D:15     | Found a shimmering altar of Xom.
 26384 | D:15     | Reached XP level 15. HP: 89/123 MP: 22/26
 26615 | D:15     | Reached skill level 5 in Charms
 27294 | D:13     | Found Xyvyk's Magic Scroll Shoppe.
 27300 | D:13     | Bought a scroll of fog for 24 gold pieces
 27300 | D:13     | Bought a scroll of teleportation for 36 gold pieces
 27969 | D:14     | Found Gean's Antique Armour Emporium.
 27972 | D:14     | Bought a cloak for 175 gold pieces
 28490 | D:14     | Found a gate to the Vaults.
 28558 | D:14     | Got a jewelled shield
 28585 | D:14     | Identified the +8 shield of Niuf {Int+5} (You found it on
                  | level 14 of the Dungeon)
 29813 | D:15     | Found a staircase to the Depths.
 30282 | Lair:1   | Learned a level 5 spell: Bolt of Magma
 30283 | Lair:1   | Upgraded the game from 0.24-a0-290-gbb66a672fa to
                  | 0.24-a0-291-g79c1ce788c
 30768 | Spider:1 | Entered Level 1 of the Spider Nest
 30777 | Lair:3   | Reached skill level 1 in Fire Magic
 30780 | Spider:1 | Reached skill level 1 in Conjurations
 31754 | Spider:1 | HP: 4/123 [disintegration (56)]
 31760 | Spider:1 | HP: 3/123 [redback (4)]
 32402 | Spider:1 | Upgraded the game from 0.24-a0-291-g79c1ce788c to
                  | 0.24-a0-292-g5c6fb1cd70
 32452 | Spider:1 | Reached skill level 5 in Fire Magic
 32813 | Spider:2 | Reached XP level 16. HP: 101/129 MP: 23/27
 33226 | Spider:2 | Reached skill level 5 in Conjurations
 34986 | Spider:4 | Entered Level 4 of the Spider Nest
 34986 | Spider:4 | Found a frozen archway.
 35045 | Spider:4 | Reached skill level 10 in Fire Magic
 36437 | Spider:4 | Reached skill level 1 in Earth Magic
 36746 | Spider:4 | HP: 6/129 [poisoned by a redback]
 37198 | Spider:4 | Paralysed by a hornet for 2 turns
 37986 | Spider:4 | Got a gossamer rune of Zot
 38346 | Vaults:1 | Entered Level 1 of the Vaults
 38399 | Vaults:1 | Reached XP level 17. HP: 67/136 MP: 10/28
 38674 | Vaults:1 | Found Hobboar's Assorted Antiques.
 38808 | Vaults:1 | Bought a scorched jade ring for 150 gold pieces
 38808 | Vaults:1 | Bought a potion of heal wounds for 150 gold pieces
 39108 | Vaults:1 | Identified the cursed ring of Taut {rPois Slay-3} (You
                  | bought it in a shop on level 1 of the Vaults)
 39200 | Vaults:1 | Reached skill level 10 in Shields
 39210 | Vaults:1 | Mangled by a red ugly thing

Levels and vault maps discovered:
D:1:      dpeg_arrival_erosion, layout_basic, minmay_indecisive_spiral
D:2:      layout_loops_cross
D:3:      layout_loops_ring, grunt_ministairs_3, kennysheep_small_spiral,
          uniq_grinder
D:4:      layout_basic, nicolae_ru_sacrificial_ziggurat, temple_hall,
          serial_shops, shop, first_ration
D:5:      minmay_opposing_rooms, layout_cave_pods
D:6:      layout_loops_ring, ashenzari_altar_1, uniq_duvessa
D:7:      layout_cave_pods, basic_altar, fedhas_bush_and_centaur_altar
D:8:      lemuel_insect_pit, layout_basic
D:9:      layout_loops_ring, hangedman_fish_farm
D:10:     layout_roguey, orc_0_dummy, hex_tiny, uniq_joseph
D:11:     layout_cave_pools, lair_entry_dummy, serial_column_ruins,
          column_ruins_hut, column_ruins_open_small, column_ruins_grid_4,
          column_ruins_grid_1, column_ruins_columns_plus,
          column_ruins_open_small_water, enter_trove_1, st_stairs_5
D:12:     layout_cave_pools, muffindrake_ghost_dual_entry, uniq_frances
D:13:     gargoyle_guard, layout_basic, serial_shops, shop
D:14:     layout_gridville, grunt_vaults_entry_tiered, serial_shops,
          nicolae_shop_behind_doors, infiniplex_staircase_pool_1
D:15:     gammafunk_enter_depths_forms, layout_small_grid, lemuel_tele_altar
Temple:   kilobyte_greek_temple
Lair:1:   layout_cave_pods, uniq_harold
Lair:2:   layout_hall_layers, swamp_mist, maelrawn_ghost_gauntlet_escape
Lair:3:   lemuel_ratsnest, layout_cave_pods, spider_nest_entry_webs
Lair:4:   layout_loops_ring, gammafunk_ghost_arena,
          chequers_serial_rivers_small_a, uniq_josephine
Lair:5:   layout_loops_ring, nicolae_slime_entry_slimehenge, grunt_megastairs_1
Lair:6:   gammafunk_lair_ancient_temple, layout_gridlike,
          infiniplex_staircase_pool, minmay_lair_oklob_chamber,
          lemuel_fruit_tree
Spider:1: layout_spider_delve
Spider:2: layout_spider_delve, drop_trap
Spider:3: layout_spider_delve
Spider:4: grunt_spider_rune_parallel, portal_ice_cave_entry_pillars_1
Orc:1:    layout_caves, nicolae_orc_rockfall, uniq_erica
Orc:2:    grunt_orc_community_town_hall, layout_caves,
          grunt_orc_community_big_house_1, grunt_orc_community_big_house_2,
          grunt_orc_community_house_2, grunt_orc_community_house_3,
          grunt_orc_community_house_3, grunt_orc_community_house_2,
          grunt_orc_community_house_2, grunt_orc_community_house_2
Vaults:1: v_rooms_3, vaults_dpeg_doors, nicolae_vaults_little_squares_6,
          ontoclasm_vaults_tryst, nicolae_vaults_network_quinsquares
          [nicolae_vaults_network_quincunx_subvault,
          nicolae_vaults_network_quincunx_subvault,
          nicolae_vaults_network_quincunx_subvault,
          nicolae_vaults_network_quincunx_subvault], hangedman_vaults_corner,
          hangedman_vaults_stretched_pinwheel, vaults_mumra_minichess,
          nicolae_vaults_puzzle_piece, nicolae_vaults_diagonal_hallway_9,
          ontoclasm_vaults_ligature, ontoclasm_vaults_twist,
          ontoclasm_vaults_decontamination, layout_vaults_omnibox, serial_shops,
          shop, shop, nicolae_shop_window_shopping, shop_statue,
          nicolae_shop_crystal

Skill      XL: |  1  2  3  4  5  6  7  8  9 10 11 12 13 14 15 16 17 |
---------------+----------------------------------------------------+-----
Unarmed Combat | 4 5 6 8 9 10 13 15 | 15.3
Transmutations | 3 4 5 8 11 | 11.4
Dodging        | 5 6 |  6.1
Fighting       | 4 7 8 |  8.6
Invocations    | 5 7 8 11 12 | 12.6
Shields        | 5 7 9 10 | 10.3
Stealth        | 5 |  5.5
Hexes          | 2 4 |  4.0
Spellcasting   | 3 7 |  7.4
Charms         | 4 7 |  7.3
Fire Magic     | 6 12 | 12.1
Conjurations   | 4 8 |  8.1
Earth Magic    | 2 |  2.0

Action                   |  1- 3 |  4- 6 |  7- 9 | 10-12 | 13-15 | 16-18 || total
-------------------------+-------+-------+-------+-------+-------+-------++-------
Melee: Unarmed           |   129 |   103 |   291 |   398 |   880 |   355 ||  2156
       Tailslap          |    12 |     5 |    42 |    78 |   164 |    86 ||   387
       Headbutt          |     2 |     1 |       |       |       |       ||     3
       Kick              |     3 |     4 |     3 |       |       |       ||    10
       Punch             |     1 |     2 |    14 |    19 |    60 |    38 ||   134
Throw: Javelin           |       |       |       |       |     4 |    13 ||    17
       Throwing net      |       |       |       |       |       |     2 ||     2
 Cast: Beastly Appendage |    16 |    12 |     2 |       |       |       ||    30
       Sticks to Snakes  |     3 |     7 |    19 |    12 |    54 |       ||    95
       Spider Form       |       |     4 |    13 |     1 |     9 |     1 ||    28
       Blade Hands       |       |       |    10 |    52 |   108 |    55 ||   225
       Regeneration      |       |       |       |       |    10 |    31 ||    41
       Bolt of Magma     |       |       |       |       |       |    26 ||    26
Invok: Slouch            |       |       |       |     3 |    15 |     7 ||    25
       Step From Time    |       |       |       |     1 |     1 |       ||     2
       Temporal Distorti |       |       |       |       |     1 |       ||     1
 Abil: End Transformatio |       |     1 |    19 |    22 |    38 |    38 ||   118
       Breathe Lightning |       |       |     2 |       |       |       ||     2
       Fly               |       |       |       |       |     1 |       ||     1
  Use: Scroll            |       |       |    11 |     6 |    13 |     8 ||    38
       Potion            |       |       |       |       |     1 |     4 ||     5
 Stab: Distracted        |     1 |       |       |     2 |     6 |       ||     9
       Sleeping          |     1 |       |     4 |     3 |     6 |     1 ||    15
  Eat: Chunk             |     3 |     6 |     9 |    28 |    42 |     6 ||    94
       Ration            |       |       |     3 |     1 |     5 |     5 ||    14
Armor: Skin              |    46 |    28 |    81 |    56 |   137 |    94 ||   442
Dodge: Dodged            |    97 |    55 |   196 |   351 |   870 |   445 ||  2014
Block: Buckler           |       |       |       |    23 |    77 |       ||   100
       Shield            |       |       |       |       |    34 |    15 ||    49
       Other             |       |       |       |       |     8 |    72 ||    80
       Reflection        |       |       |       |       |       |     5 ||     5

Table legend:
 A = Non-vault XP
 B = Vault XP
 C = Vault XP percentage of total XP
 D = Non-vault monster count
 E = Vault monster count
 F = Vault count percentage of total count
                 A         B        C        D         E       F
            +---------+---------+-------+---------+---------+-------
      Total |  153631 |   73458 |  32.3 |     675 |     298 |  30.6
            +---------+---------+-------+---------+---------+-------
        D:1 |      50 |       6 |  10.7 |      28 |       4 |  12.5
        D:2 |      52 |       0 |   0.0 |      15 |       0 |   0.0
        D:3 |      47 |     225 |  82.7 |       8 |       3 |  27.3
        D:4 |     409 |       0 |   0.0 |      17 |       0 |   0.0
        D:5 |     423 |     110 |  20.6 |      19 |       5 |  20.8
        D:6 |     646 |     231 |  26.3 |      15 |       2 |  11.8
        D:7 |     556 |      97 |  14.9 |      24 |       1 |   4.0
        D:8 |    2356 |     413 |  14.9 |      33 |      14 |  29.8
        D:9 |    1914 |     321 |  14.4 |      20 |       1 |   4.8
       D:10 |    3494 |     457 |  11.6 |      28 |       1 |   3.4
       D:11 |    3906 |     149 |   3.7 |      32 |       2 |   5.9
       D:12 |    5358 |    1951 |  26.7 |      26 |       1 |   3.7
       D:13 |    5966 |    4430 |  42.6 |      24 |       9 |  27.3
       D:14 |    9768 |    5961 |  37.9 |      24 |      25 |  51.0
       D:15 |   20005 |    3209 |  13.8 |      53 |      11 |  17.2
     Lair:1 |    3833 |     997 |  20.6 |      17 |       1 |   5.6
     Lair:2 |    6347 |    2298 |  26.6 |      24 |       3 |  11.1
     Lair:3 |    7792 |    1155 |  12.9 |      26 |      33 |  55.9
     Lair:4 |    3770 |    1715 |  31.3 |      23 |       4 |  14.8
     Lair:5 |    3294 |    1771 |  35.0 |      11 |       8 |  42.1
     Lair:6 |    7416 |   10106 |  57.7 |      27 |      30 |  52.6
   Spider:1 |   10147 |       0 |   0.0 |      28 |       0 |   0.0
   Spider:2 |   15466 |       0 |   0.0 |      41 |       0 |   0.0
   Spider:3 |   13655 |       0 |   0.0 |      35 |       0 |   0.0
   Spider:4 |    8889 |   26757 |  75.1 |      26 |      58 |  69.0
      Orc:1 |    3796 |     939 |  19.8 |      20 |       1 |   4.8
      Orc:2 |    1967 |    9383 |  82.7 |      10 |      78 |  88.6
   Vaults:1 |   12309 |     777 |   5.9 |      21 |       3 |  12.5
            +---------+---------+-------+---------+---------+-------
